AoeStats
← zamithdaniel

Black Forest

508355831Analyzed
2v2 RM · 11d ago on Sep 22, 2026· 45m 31s· 4 players
Game mode
Random Map
Map size
Medium (4 player)
Population
200
Speed
Normal
Resources
Standard
Victory
Conquest
Starting age
Dark Age
Ending age
Imperial Age
RankedLock teamsTeams togetherTeam positionsShared explorationLock speedFull tech treeHidden civsTurbo modeCheats
Victory
Defeat
🇨🇴 Britons · Colombia
883
+14
🇨🇴 Turks · Colombia
869
+13
🇨🇦 Bohemians · Canada
841
-14
🇨🇦 Celts · Canada
816
-13
zamithdaniel
10:48 Feudal Age
11:30 Double-Bit Axe
11:50 Horse Collar
18:20 Castle Age
17:20 Horse Collar
25:43 Heavy Plow
25:56 Bow Saw
26:41 Stone Mining
26:44 Gold Mining
33:02 Imperial Age
30:48 Loom
31:40 Wheelbarrow
30:50 Town Watch
32:43 Padded Archer Armor
32:55 Forging
32:50 Scale Barding Armor
33:15 Fortified Wall
33:26 Ballistics
33:45 Artillery
34:06 Conscription
35:46 Gold Shaft Mining
35:55 Hand Cart
38:06 Bloodlines
37:58 Husbandry
38:16 Leather Archer Armor
37:25 Elite Janissary
38:42 Iron Casting
39:03 Chain Barding Armor
39:35 Ring Archer Armor
41:45 Blast Furnace
43:22 Caravan
44:10 Plate Barding Armor
Dovahkyn
6:30 Loom
10:57 Feudal Age
17:03 Castle Age
21:05 Double-Bit Axe
21:02 Horse Collar
22:03 Heavy Plow
26:29 Bow Saw
27:22 Gold Mining
27:24 Stone Mining
28:10 Forging
27:53 Fletching
28:03 Padded Archer Armor
29:33 Gold Shaft Mining
29:41 Bodkin Arrow
31:07 Ballistics
31:51 Wheelbarrow
31:03 Town Watch
34:29 Imperial Age
32:08 Treadmill Crane
32:48 Leather Archer Armor
32:43 Forging
33:29 Fortified Wall
33:29 Masonry
34:51 Town Watch
35:40 Conscription
34:59 Heavy Scorpion
37:30 Chemistry
37:17 Caravan
38:20 Coinage
37:20 Elite Longbowman
42:12 Yeomen
45:29 Bracer
46:00 Ring Archer Armor
PriestDudeist
8:54 Loom
13:33 Feudal Age
13:37 Man-at-Arms
14:19 Double-Bit Axe
18:32 Forging
18:23 Scale Mail Armor
22:19 Castle Age
21:12 Horse Collar
22:48 Wheelbarrow
22:57 Long Swordsman
23:27 Gambesons
26:02 Iron Casting
27:00 Bow Saw
29:09 Chain Mail Armor
29:30 Heavy Plow
37:26 Imperial Age
36:06 Hand Cart
39:15 Blast Furnace
38:01 Two-Handed Swordsman
40:12 Champion
41:57 Onager
43:18 Onager
45:09 Chemistry
44:22 Siege Engineers
Baklawa
10:33 Loom
12:42 Feudal Age
13:07 Horse Collar
13:14 Double-Bit Axe
15:32 Wheelbarrow
20:33 Castle Age
20:03 Fletching
21:10 Padded Archer Armor
21:24 Forging
21:16 Scale Mail Armor
21:51 Pikeman
22:32 Squires
21:55 Crossbowman
25:02 Bodkin Arrow
26:32 Bow Saw
29:34 Leather Archer Armor
30:33 Hand Cart
31:59 Heavy Plow
35:51 Imperial Age
34:52 Chemistry
34:13 Ballistics
34:42 Town Watch
35:56 Iron Casting
35:37 Chain Mail Armor
36:43 Town Patrol
36:15 Houfnice
37:39 Halberdier
40:15 Two-Man Saw
42:08 Caravan
Connection lost

Rejoining the realm…

Still unreachable

The connection could not be restored.

Session expired

The server has moved on; the page needs a fresh start.